 Dungeon Crawl Stone Soup version 0.27.1-4-g1640c2035a (webtiles) character file.

Game seed: 7537968315306350723

80 jjjjhere the Charlatan (level 4, 0/34 HPs)
             Began as a Gnoll Artificer on Nov 7, 2021.
             Succumbed to a goblin's poison
             ... on level 1 of the Dungeon.
             The game lasted 00:04:48 (2684 turns).

jjjjhere the Charlatan (Gnoll Artificer)            Turns: 2684, Time: 00:04:49

Health: 0/34       AC:  6    Str: 12    XL:     4   Next: 39%
Magic:  5/5        EV: 11    Int: 11    God:
Gold:   57         SH:  0    Dex: 12    Spells: 5/5 levels left

rFire    . . .     SeeInvis .   r - +0 short sword
rCold    . . .     Faith    .   (no shield)
rNeg     . . .     Spirit   .   n - +0 ring mail
rPois    .         Reflect  .   (no helmet)
rElec    .         Harm     .   (no cloak)
rCorr    .         Rampage  .   (no gloves)
Will     .....                  (no boots)
Stlth    +.........             (no amulet)
HPRegen  0.11/turn              q - +4 ring of slaying
MPRegen  0.09/turn              (no ring)

@: lethally poisoned (0 -> -1), weak-willed
A: fangs 1, strong nose, distributed training
a: no special abilities


You were on level 1 of the Dungeon.
You visited 1 branch of the dungeon, and saw 2 of its levels.

You collected 57 gold pieces.

Inventory:

Hand Weapons
 a - a +0 club
 f - a +0 dagger
 r - a +0 short sword (weapon)
Missiles
 g - 31 sling bullets
 m - 4 javelins
 t - 8 boomerangs
Armour
 b - a +0 leather armour
 n - a +0 ring mail (worn)
 p - a +0 ring mail of cold resistance
Jewellery
 o - a ring of fire
 q - a +4 ring of slaying (left hand)
 s - a ring of willpower
Wands
 c - a wand of flame (6) (quivered)
 d - a wand of charming (15)
Miscellaneous
 e - a piece from Xom's chessboard (15/15)


   Skills:
 + Level 2.7 Fighting
 + Level 1.1 Short Blades
 + Level 1.1 Long Blades
 + Level 1.1 Axes
 + Level 1.1 Maces & Flails
 + Level 1.1 Polearms
 + Level 1.1 Staves
 + Level 1.1 Slings
 + Level 1.1 Bows
 + Level 1.1 Crossbows
 + Level 1.1 Throwing
 + Level 4.6 Armour
 + Level 2.7 Dodging
 + Level 2.5 Stealth
 + Level 1.1 Shields
 + Level 1.1 Unarmed Combat
 + Level 1.1 Spellcasting
 + Level 0.9 Conjurations
 + Level 0.9 Hexes
 + Level 0.9 Summonings
 + Level 0.9 Necromancy
 + Level 0.9 Translocations
 + Level 0.9 Transmutations
 + Level 0.9 Fire Magic
 + Level 0.9 Ice Magic
 + Level 0.9 Air Magic
 + Level 0.9 Earth Magic
 + Level 0.9 Poison Magic
 + Level 1.2 Invocations
 + Level 6.6 Evocations


You had 5 spell levels left.
You didn't know any spells.
Your spell library contained the following spells:

 Spells                   Type           Power      Damage    Failure   Level
 Petrify                  Tmut/Erth      2%         N/A       99%         4
 Metabolic Englaciation   Hex/Ice        1%         N/A       100%        5
 Statue Form              Tmut/Erth      1%         N/A       100%        6


Dungeon Overview and Level Annotations

Branches:
Dungeon (2/15)

Altars:

Annotations:
D:2 Robin


Innate Abilities, Weirdness & Mutations

You have very sharp teeth.
Your uncanny sense of smell can sniff out nearby items.
Your experience applies equally to all skills.


Message History

You feel sick.
It was a potion of curing.
You feel better. The goblin barely misses you. The goblin closely misses you.
You closely miss the goblin.
The goblin hits you with a +0 dagger of venom.
You are lethally poisoned!
You hit the goblin.
The goblin is severely wounded.
* * * LOW HITPOINT WARNING * * *
You feel very sick. The goblin closely misses you.
You hit the goblin.
You kill the goblin!
* * * LOW HITPOINT WARNING * * *
You feel sick.
You hit the goblin.
You kill the goblin!
* * * LOW HITPOINT WARNING * * *
You feel sick.
You aren't carrying any potions.
Okay, then.
* * * LOW HITPOINT WARNING * * *
You feel sick.
Things that are here:
a +0 club; a +0 dagger of venom
* * * LOW HITPOINT WARNING * * *
You feel sick.
You aren't carrying any potions.
As you read the scroll labelled AGYFETR LEESS, it crumbles to dust.
You feel a surge of unholy energy.
It was a scroll of torment.
* * * LOW HITPOINT WARNING * * *
You feel sick.
As you read the scroll labelled BITTOU TAEPOI, it crumbles to dust.
Magic quickly surges around you.
It was a scroll of vulnerability.
* * * LOW HITPOINT WARNING * * *
You feel sick.
As you read the scroll labelled BECKIU UXOMM, it crumbles to dust.
It is a scroll of identify.
You don't have any unidentified items.
You die...

##.#####.####.# ...#
#.#..#.# ####
#.#..#.# ..# #.#..#.#
#.######.#..#.#
#..).....#..#.####
#..#######..#....####
#......# #.......)..#
#.####.# #.#####@##.#
#.# #.# #># #.##÷#
..# #.# #.# #.##.#
### #.# #.# #.##.#
#.# #.# #.#####.##.#
#.# #.# #........#.#
#.# #.############.#
#†# #..............#
#.#############..####


There were no monsters in sight!

Vanquished Creatures
  A worm (D:2)
  3 orcs (D:2)
  8 endoplasms
  5 giant cockroaches
  8 goblins
  5 hobgoblins
  8 jackals
  2 kobolds
  2 quokkas (D:1)
  8 ball pythons
  3 bats
  4 frilled lizards
  5 rats (D:1)
62 creatures vanquished.

Notes
Turn   | Place    | Note
-------+----------+-------------------------------------------
     0 | D:1      | jjjjhere the Gnoll Artificer began the quest for the Orb.
     0 | D:1      | Reached XP level 1. HP: 17/17 MP: 1/1
   295 | D:1      | Reached XP level 2. HP: 10/23 MP: 2/2
   790 | D:1      | Reached XP level 3. HP: 19/28 MP: 3/3
  1549 | D:1      | Reached skill level 1 in Invocations
  1868 | D:2      | Reached skill level 1 in Short Blades
  1868 | D:2      | Reached skill level 1 in Long Blades
  1868 | D:2      | Reached skill level 1 in Axes
  1868 | D:2      | Reached skill level 1 in Maces & Flails
  1868 | D:2      | Reached skill level 1 in Polearms
  1868 | D:2      | Reached skill level 1 in Staves
  1868 | D:2      | Reached skill level 1 in Slings
  1868 | D:2      | Reached skill level 1 in Bows
  1868 | D:2      | Reached skill level 1 in Crossbows
  1868 | D:2      | Reached skill level 1 in Throwing
  1868 | D:2      | Reached skill level 1 in Shields
  1868 | D:2      | Reached skill level 1 in Unarmed Combat
  1868 | D:2      | Reached skill level 1 in Spellcasting
  2134 | D:2      | Reached XP level 4. HP: 30/34 MP: 5/5
  2653 | D:2      | Noticed Robin
  2670 | D:1      | HP: 10/34 [poisoned by a goblin]
  2673 | D:1      | HP: 4/34 [poisoned by a goblin]
  2678 | D:1      | HP: 7/34 [poisoned by a goblin]
  2681 | D:1      | HP: 3/34 [poisoned by a goblin]
  2683 | D:1      | HP: 1/34 [poisoned by a goblin]
  2684 | D:1      | Succumbed to a goblin's poison

Illustrated notes

Levels and vault maps discovered:
D:1:      erik_arrival_orb_chamber, layout_basic
D:2:      layout_basic, minivault_26, minmay_curled_crystal,
          kennysheep_generic_room_5, uniq_robin, uniq_sigmund

Skill      XL: |  1  2  3 |
---------------+----------+-----
Invocations    | 1 |  1.2
Short Blades   | 1 |  1.1
Long Blades    | 1 |  1.1
Axes           | 1 |  1.1
Maces & Flails | 1 |  1.1
Polearms       | 1 |  1.1
Staves         | 1 |  1.1
Slings         | 1 |  1.1
Bows           | 1 |  1.1
Crossbows      | 1 |  1.1
Throwing       | 1 |  1.1
Shields        | 1 |  1.1
Unarmed Combat | 1 |  1.1
Spellcasting   | 1 |  1.1
Fighting       | |  2.7
Armour         | |  4.6
Dodging        | |  2.7
Stealth        | |  2.5
Conjurations   | |  0.9
Hexes          | |  0.9
Summonings     | |  0.9
Necromancy     | |  0.9
Translocations | |  0.9
Transmutations | |  0.9
Fire Magic     | |  0.9
Ice Magic      | |  0.9
Air Magic      | |  0.9
Earth Magic    | |  0.9
Poison Magic   | |  0.9
Evocations     | |  6.6

Action                   |  1- 3 |  4- 6 || total
-------------------------+-------+-------++-------
Melee: Dagger            |   209 |    46 ||   255
       Bite              |    20 |     6 ||    26
       Club              |     1 |       ||     1
       Punch             |     1 |       ||     1
       Short sword       |       |    32 ||    32
Throw: Javelin           |     2 |       ||     2
Evoke: Wand              |     4 |     5 ||     9
  Use: Scroll            |       |     3 ||     3
       Potion            |       |     3 ||     3
Armor: Leather armour    |    23 |       ||    23
       Ring mail         |    47 |    36 ||    83
Dodge: Dodged            |   137 |    54 ||   191
